 Dungeon Crawl Stone Soup version 0.20-a0 (webtiles) character file.

1603 varam the Grappler (level 8, -3/59 HPs)
             Began as a Troll Monk on Oct 27, 2016.
             Was an Elder of Okawaru.
             Slain by a red ugly thing (13 damage)
             ... on level 7 of the Dungeon.
             The game lasted 00:08:32 (5473 turns).

varam the Grappler (Troll Monk)                     Turns: 5473, Time: 00:08:33

Health: -3/59      AC:  6    Str: 20    XL:     8   Next: 62%
Magic:  5/7        EV: 14    Int:  6    God:    Okawaru [****..]
Gold:   445        SH:  0    Dex: 14    Spells: 0 memorised, 7 levels left

rFire  . . .     SeeInvis .       - Unarmed
rCold  + . .     Gourm    +     a - +0 robe
rNeg   . . .     Faith    .     (no shield)
rPois  .         Spirit   .     (helmet restricted)
rElec  .         Reflect  .     n - +0 cloak
rCorr  .         Harm     +     (gloves unavailable)
MR     .....                    (boots unavailable)
Stlth  ++++......               y - amulet of harm
                                u - ring of protection from cold
                                t - ring of stealth

@: heroism
A: unfitting armour, claws 3, blink, fast metabolism 3, frail 2, gourmand,
regeneration 1, shaggy fur 1, tough skin 2
a: Blink, Heroism, Renounce Religion


You were on level 7 of the Dungeon.
You worshipped Okawaru.
Okawaru was greatly pleased with you.
You were very full.

You visited 2 branches of the dungeon, and saw 8 of its levels.

You collected 445 gold pieces.

Inventory:

Armour
 a - a +0 robe (worn)
 n - a +0 cloak (worn)
Jewellery
 t - a ring of stealth (left claw)
 u - a ring of protection from cold (right claw)
 y - an amulet of harm (around neck)
 B - an uncursed ring of resist corrosion {unknown}
Wands
 p - a wand of flame (13/48)
 E - a wand of disintegration (8/24)
Scrolls
 c - 3 scrolls of teleportation
 e - a scroll of random uselessness {unknown}
 h - 2 scrolls of remove curse {@r2}
 j - a scroll of enchant weapon {unknown}
 r - a scroll of recharging {unknown}
 s - 2 scrolls of identify {@r1}
 v - a scroll of magic mapping {unknown}
 x - a scroll of enchant armour {unknown}
 C - a scroll of blinking {unknown}
 D - 3 scrolls of immolation {unknown}
Potions
 d - 4 potions of brilliance
 i - a potion of haste {unknown}
 l - 3 potions of curing {unknown}
 o - 4 potions of resistance
 q - a potion of cure mutation {unknown}
 w - a potion of magic {unknown}
 z - 2 potions of lignification
 A - a potion of invisibility {unknown}
 G - a potion of degeneration {unknown}
Books
 F - a book of Air

   Spells                             Type                      Level
   a - Shock                          Conjuration/Air              1
   b - Swiftness                      Charms/Air                   2
   c - Repel Missiles                 Charms/Air                   2
   d - Static Discharge               Conjuration/Air              3
   e - Lightning Bolt                 Conjuration/Air              5
Comestibles
 b - 7 bread rations
 f - 8 meat rations
 g - a beef jerky
 k - 5 fruits
 m - 2 slices of pizza


   Skills:
 - Level 2.4(7.4) Fighting
 - Level 2.4(7.4) Dodging
 - Level 1.0(6.0) Stealth
 + Level 11.2(16.2) Unarmed Combat


You had 7 spell levels left.
You didn't know any spells.

Dungeon Overview and Level Annotations

Branches:
Dungeon (7/15)             Temple (1/1) D:4

Altars:
Ashenzari
Dithmenos
Elyvilon
Fedhas
Gozag
Hepliaklqana
Nemelex Xobeh
Okawaru
Qazlal
Ru
Sif Muna
Trog
Xom
Yredelemnul
The Shining One


Innate Abilities, Weirdness & Mutations

You are too large for most types of armour.
You have claws for hands.
Your metabolism is lightning-fast.
You like to eat raw meat.
Your natural rate of healing is unusually fast.
You are covered in fur. (AC +1)
You have very tough skin. (AC +2)
You can translocate small distances at will.
You are very frail. (-20% HP)


Message History

G - a lumpy coppery potion
Found an escape hatch in the floor.
You now have 445 gold pieces (gained 11).
A bullfrog comes into view.
Found a granite statue.
A bullfrog is nearby!
You mangle the bullfrog!!
You kill the bullfrog!
Okawaru accepts your kill.
Your life force feels restored.
A red ugly thing comes into view.
The red ugly thing gurgles horribly!
The red ugly thing engulfs you.
You are engulfed in flames!!
You scratch the red ugly thing.
The red ugly thing is lightly wounded.
The red ugly thing engulfs you.
You are engulfed in flames!
* * * LOW HITPOINT WARNING * * *
You gain the combat prowess of a mighty hero.
The red ugly thing engulfs you!
You die...

#...............#
#......
#..#######......#
#....##
#.>##...##......#
#.####
#..#.....#......#
###
#..#.....#..>...#
##.#.... #.....##
####... #....##
###'###.####
#.....u@#
#.......#
....'..8....#
....#.......# ...
#...?...# #
###+#####


You could see a red ugly thing.

Vanquished Creatures
  A sky beast (D:6)
  A black bear (D:7)
  3 phantoms
  An ogre (D:4)
  A centaur (D:5)
  3 bullfrogs
  2 wights (D:7)
  2 crimson imps
  2 jellies
  A centaur skeleton (D:5)
  An orc priest (D:5)
  2 hounds (D:4)
  2 orc wizards
  6 worker ants
  A hound zombie (D:7)
  A hound skeleton (D:6)
  4 gnolls (D:5)
  11 adders
  2 shadow imps
  An ooze (D:5)
  2 worms
  3 dart slugs
  2 leopard geckos
  6 orcs
  2 ball pythons
  5 bats
  5 giant cockroaches
  9 goblins
  7 hobgoblins
  3 jackals (D:3)
  4 quokkas
  2 ball python skeletons (D:4)
  9 frilled lizards
  4 kobolds
  A leopard gecko skeleton (D:5)
  9 rats
121 creatures vanquished.

Notes
Turn   | Place    | Note
-------+----------+-------------------------------------------
     0 | D:1      | varam the Troll Monk began the quest for the Orb.
     0 | D:1      | Reached XP level 1. HP: 22/22 MP: 0/0
   105 | D:1      | Reached XP level 2. HP: 23/29 MP: 1/1
   408 | D:1      | Reached skill level 4 in Unarmed Combat
   549 | D:1      | Reached XP level 3. HP: 36/36 MP: 2/2
   781 | D:2      | Found a white marble altar of Elyvilon.
  1343 | D:2      | Found a faded altar of an unknown god.
  1577 | D:3      | Reached XP level 4. HP: 44/44 MP: 3/3
  1611 | D:3      | Reached skill level 5 in Unarmed Combat
  1858 | D:3      | Noticed a phantom
  1886 | D:3      | Killed a phantom
  1886 | D:3      | Reached skill level 6 in Unarmed Combat
  1886 | D:3      | Reached XP level 5. HP: 50/50 MP: 4/4
  2159 | D:3      | Found a sparkling altar of Nemelex Xobeh.
  2675 | D:4      | Found a staircase to the Ecumenical Temple.
  2689 | Temple   | Entered the Ecumenical Temple
  2822 | Temple   | Became a worshipper of Warmaster Okawaru
  2822 | Temple   | Reached * piety under Okawaru
  2822 | Temple   | Reached ** piety under Okawaru
  2869 | D:4      | Reached XP level 6. HP: 28/59 MP: 5/5
  2870 | D:4      | Reached skill level 7 in Unarmed Combat
  3167 | D:4      | Reached skill level 8 in Unarmed Combat
  3322 | D:5      | Entered Level 5 of the Dungeon
  3332 | D:5      | Reached XP level 7. HP: 65/66 MP: 6/6
  3453 | D:5      | Reached *** piety under Okawaru
  3522 | D:5      | Found an iron altar of Okawaru.
  3810 | D:5      | Reached skill level 9 in Unarmed Combat
  4316 | D:6      | Reached XP level 8. HP: 74/74 MP: 7/7
  4844 | D:6      | Reached skill level 10 in Unarmed Combat
  4848 | D:6      | Gained mutation: You are frail. (-10% HP) [mutagenic meat]
  4850 | D:6      | Gained mutation: You are very frail. (-20% HP) [mutagenic meat]
  4851 | D:6      | Gained mutation: You can translocate small distances at will. [mutagenic meat]
  5078 | D:7      | Reached **** piety under Okawaru
  5122 | D:7      | Reached skill level 11 in Unarmed Combat
  5465 | D:7      | Noticed a red ugly thing
  5473 | D:7      | Slain by a red ugly thing

Vault maps used:
D:1:      minmay_arrival_five_plusses, hex_intersection, minivault_19
D:2:      serial_forest, infiniplex_forest_3_way,
          infiniplex_forest_lined_corner, infiniplex_forest_lined_1,
          infiniplex_forest_lined_3, infiniplex_forest_lined_1,
          infiniplex_forest_lined_4_way, infiniplex_forest_lined_corner,
          infiniplex_forest_clump_long, infiniplex_forest_side_room,
          infiniplex_forest_lined_3_way, ecumenical_altar_2, elyvilon_altar_1
D:3:      nemelex_spade_bored_becter
D:4:      first_bread
D:5:      okawaru_trees_1
D:7:      minmay_three_doors
Temple:   roderic_octagonal_lattice_temple

Skill      XL: |  1  2  3  4  5  6  7  8 |
---------------+-------------------------+-----
Unarmed Combat | 4 6 8 9 11 | 11.2
Fighting       | |  2.4
Dodging        | |  2.4
Stealth        | |  1.0

Action                   |  1- 3 |  4- 6 |  7- 9 || total
-------------------------+-------+-------+-------++-------
Melee: Unarmed           |    85 |   109 |   129 ||   323
       Punch             |     2 |     3 |     6 ||    11
Invok: Heroism           |       |       |     1 ||     1
  Use: Scroll            |       |       |     5 ||     5
 Stab: Sleeping          |       |     6 |     4 ||    10
       Distracted        |       |       |     1 ||     1
  Eat: Chunk             |    19 |    11 |    27 ||    57
Armor: Robe              |    22 |    31 |    31 ||    84
Dodge: Dodged            |    33 |    48 |    59 ||   140
